 Dungeon Sprint DCSS version 0.30.1 (webtiles) character file.

Game seed: 9455773173880779071

26 boopmooplesden the Trooper (level 2, 0/39 HPs)
             Began as a Demonspawn Berserker on July 8, 2023.
             Was a Believer of Trog.
             Drowned by a water elemental (5 damage)
             ... in the Dungeon (Sprint III: "The Ten Rune Challenge").
             The game lasted 00:00:23 (163 turns).

boopmooplesden the Trooper (Demonspawn Berserker)    Turns: 163, Time: 00:00:24

Health: 0/39       AC:  2    Str: 17    XL:     2   Next: 89%
Magic:  2/2        EV: 12    Int:  8    God:    Trog [**....]
Gold:   36         SH:  0    Dex: 12    Spells: 1/1 levels left

rFire   . . .        a - +0 spear
rCold   . . .        (no shield)
rNeg    . . .        b - +0 animal skin
rPois   .            (no helmet)
rElec   .            (no cloak)
rCorr   .            (no gloves)
SInv    .            (no boots)
Will    .....        (no amulet) Stlth
                     (no ring)
HPRegen 0.26/turn    (no ring)
MPRegen 0.16/turn

%: no teleportation
@: berserking, engulfed (cannot breathe), very quick
A: magic regeneration
a: Renounce Religion, Berserk, Trog's Hand


You were in the Dungeon.
You worshipped Trog.
Trog was pleased with you.
You visited 1 branch You collected 36 gold pieces.

Inventory:

Hand Weapons
 a - a +0 spear (weapon)
Armour
 b - a +0 animal skin (worn)
Scrolls
 h - a scroll of blinking
 j - 2 scrolls of immolation {unknown}
 k - a scroll of poison {unknown}
 m - 2 scrolls of vulnerability {unknown}
Potions
 c - 3 potions of curing
 d - a potion of heal wounds
 e - a potion of haste
 f - 2 potions of magic
 g - a potion of berserk rage
 i - 4 potions of mutation {unknown}
 l - 2 potions of flight {unknown}


   Skills:
 + Level 4.6 Fighting
 + Level 4.4 Polearms
 + Level 2.3 Armour
 + Level 2.4 Dodging


You had one spell level left.
You didn't know any spells.
Your spell library was empty.

Dungeon Overview and Level Annotations

Branches:
Dungeon (1/1)

Altars:


Innate Abilities, Weirdness & Mutations

You regenerate magic rapidly.


Message History

You now have 27 gold pieces (gained 18).
You now have 36 gold pieces (gained 9).
i - a red potion;
j - a scroll labelled CURUNGAUCE
k - a scroll labelled IGRAVVUFAE;
c - 3 potions of curing (gained 1)
l - a murky ruby potion
i - 3 red potions (gained 2)
j - 2 scrolls labelled CURUNGAUCE (gained 1)
m - 2 scrolls labelled IPRICZ ACARRODD;
i - 4 red potions (gained 1)
l - 2 murky ruby potions (gained 1)
There is an open door here.
You open the door.
A water elemental comes into view.
The water elemental moves out of view.
A red film seems to cover your vision as you go berserk!
You feel yourself moving faster!
You feel mighty!
You puncture the water elemental!
The water elemental is moderately damaged.
The water elemental misses you.
You closely miss the water elemental.
The water elemental is moderately damaged.
You puncture the water elemental!
The water elemental is heavily damaged.
The water elemental hits you!!
The water elemental engulfs you in water!
You barely miss the water elemental.
The water elemental is heavily damaged.
Your lungs strain for air!
You hit the water elemental.
The water elemental is heavily damaged.
Your lungs strain for air!
The water elemental hits you.
You barely miss the water elemental.
The water elemental is heavily damaged.
* * * LOW HITPOINT WARNING * * *
Your lungs strain for air!
The water elemental hits you.
* * * LOW HITPOINT WARNING * * *
You puncture the water elemental!
The water elemental is almost destroyed.
You die...

▓▓▓▓▓▓▓▓ ▓▓▓ <..#...####
##.# ...#..†...#####..#
..##.......#..#..#
##.##.##...#..#..###+#+#
##.##.###..##'#..#......
#.####.##..###...E.⌠....
.###..##.†####..@#
#.....##..###....#
###..##...##.....#
##..##....#†.....#
#..###..##.#.....# #..#
#.. ####....# ▓▓▓▓ ▓▓▓
▓▓▓▓▓▓


You could see a water elemental.

Vanquished Creatures
  A human (D)
  A phantom (D)
  An endoplasm (D)
  3 rats (D)
6 creatures vanquished.

Notes
Turn   | Place    | Note
-------+----------+-------------------------------------------
     0 | D        | boopmooplesden the Demonspawn Berserker began the quest for
                  | the Orb.
     0 | D        | Reached XP level 1. HP: 18/18 MP: 1/1
    30 | D        | Reached ** piety under Trog
    58 | D        | Gained mutation: You regenerate magic rapidly. [demonic
                  | ancestry]
    58 | D        | Reached XP level 2. HP: 11/26 MP: 2/2
   155 | D        | Noticed a water elemental
   163 | D        | Drowned by a water elemental

Illustrated notes

Levels and vault maps discovered:
D:        dungeon_sprint_mu [sprint_mu_entry_cave, sprint_mu_temple_rooms,
          sprint_mu_d1_spiders, sprint_mu_d2_genie, sprint_mu_d3_branching,
          sprint_mu_orc_legion, sprint_mu_elf_gauntlet, sprint_mu_hive_nellie,
          sprint_mu_lair_fedhas, sprint_mu_vaults_butterflies,
          sprint_mu_slime_circle, sprint_mu_swamp_cave, sprint_mu_snake_twists,
          sprint_mu_blade_basic, sprint_mu_crypt_chambers,
          sprint_mu_tomb_spiral, sprint_mu_vestibule_basic,
          sprint_mu_gehenna_hellfire, sprint_mu_dis_giant,
          sprint_mu_tartarus_statrot, sprint_mu_cocytus_islands, sprint_mu_zot1]

Skill      XL: |  1 |
---------------+----+-----
Polearms       | 4 |  4.4
Dodging        | 2 |  2.4
Fighting       | 4 |  4.6
Armour         | 2 |  2.3

Action                     || total
---------------------------++-------
  Melee: Spear             ||    25
 Invoke: Berserk           ||     2
  Dodge: Dodged            ||     7
